 Dungeon Crawl Stone Soup version 0.28.0-45-g0d030f2227 (webtiles) character file.

Game seed: 18107146677551747142

4 seaoflcl the Grasshopper (level 1, 0/13 HPs)
             Began as a Human Wanderer on Apr 10, 2022.
             Slain by a jackal (1 damage)
             ... on level 1 of the Dungeon.
             The game lasted 00:00:25 (327 turns).

seaoflcl the Grasshopper (Human Wanderer)            Turns: 327, Time: 00:00:25

Health: 0/13       AC:  6    Str: 13    XL:     1   Next: 66%
Magic:  3/3        EV:  8    Int: 12    God:
Gold:   0          SH:  6    Dex: 11    Spells: 3/4 levels left

rFire   . . .      SeeInvis .   a - +0 club
rCold   . . .      Faith    .   c - +2 buckler
rNeg    . . .      Spirit   .   b - +0 scale mail
rPois   .          Reflect  .   (no helmet)
rElec   .          Harm     .   (no cloak)
rCorr   .          Rampage  .   (no gloves)
Will    .....                   (no boots)
Stlth   ..........              (no amulet)
HPRegen 0.04/turn               (no ring)
MPRegen 0.08/turn               (no ring)

@: no status effects
A: no striking features
a: no special abilities


You were on level 1 of the Dungeon.
You visited 1 branch of the dungeon, and saw 1 of its levels.

Inventory:

Hand Weapons
 a - a +0 club (weapon)
Armour
 b - a +0 scale mail (worn)
 c - a +2 buckler (worn)
Jewellery
 d - a +6 ring of strength


   Skills:
 + Level 2.0 Armour
 + Level 0.4 Dodging
 + Level 3.1 Shields
 + Level 2.0 Spellcasting
 + Level 3.1 Translocations


You had 3 spell levels left.
You knew the following spells:

 Your Spells              Type           Power      Damage    Failure   Level
a - Apportation           Tloc           16%        N/A       43%         1

Your spell library contained the following spells:

 Spells                   Type           Power      Damage    Failure   Level
 Portal Projectile        Hex/Tloc       8%         N/A       95%         3


Dungeon Overview and Level Annotations

Branches:
Dungeon (1/15)

Altars:


Message History

The kobold hits you with a +0 short sword.
* * * LOW HITPOINT WARNING * * *
You hit the kobold.
The kobold is severely wounded.
The kobold closely misses you. You block the jackal's attack.
The kobold barely misses you.
You hit the kobold.
You kill the kobold!
You block the jackal's attack.
A jackal comes into view.
The jackal bites you but does no damage. x2
You hit the jackal.
You kill the jackal!
You block the jackal's attack.
The jackal bites you but does no damage.
The jackal barely misses you.
Things that are here:
a +0 short sword; a kobold corpse You barely miss the jackal.
The jackal bites you but does no damage. x2
You block the jackal's attack.
You hit the jackal but do no damage.
The jackal bites you but does no damage.
The jackal closely misses you.
The jackal bites you but does no damage.
You block the jackal's attack.
You closely miss the jackal.
The jackal bites you but does no damage.
The jackal barely misses you.
The jackal bites you but does no damage.
The jackal barely misses you.
You miss the jackal. The jackal closely misses you. The jackal bites you.
* * * LOW HITPOINT WARNING * * *
You block the jackal's attack.
The jackal bites you but does no damage.
You block the jackal's attack. x2
The jackal bites you but does no damage.
The jackal bites you but does no damage.
The jackal barely misses you. The jackal bites you.
You die...

#.........#.# #
......####..#.# .#
........###.#.##.#
.####......รท.....##
...............
........#...###
.#.#....#..##
.....##....###
.#.........@h##
#####...#.#h.#
#........####
#.....).....##
##............##
#..............#
...#....#.#.......#
........#.#.......#
.#......#.#.......#


You could see 2 jackals.

Vanquished Creatures
  A jackal (D:1)
  A kobold (D:1)
  A quokka (D:1)
3 creatures vanquished.

Vanquished Creatures (others)
  4 toadstools (D:1)
4 creatures vanquished.

Grand Total: 7 creatures vanquished

Notes
Turn   | Place    | Note
-------+----------+-------------------------------------------
     0 | D:1      | seaoflcl the Human Wanderer began the quest for the Orb.
     0 | D:1      | seaoflcl set off with the following items: a +0 club, a +0
                  | scale mail, a +2 buckler; and the following spell
                  | memorised: Apportation; and the following spells available
                  | to memorise: Portal Projectile
     0 | D:1      | Reached XP level 1. HP: 13/13 MP: 3/3
   327 | D:1      | Slain by a jackal

Illustrated notes

Levels and vault maps discovered:
D:1:      ldierk_walled_garden_2, layout_rooms, corner_web_ring

Action                   || total
-------------------------++-------
Melee: Club              ||    33
Armor: Scale mail        ||    20
Dodge: Dodged            ||    16
Block: Buckler           ||    24
